cohdb
Replays
Latest Replays
All Replays
Popular Replays
Top Player Replays
Match Explorer
How It Works
Community
CoH3 Stats
Reddit
Sign in to upload your games and track your stats! →
Sign in with Steam
Match 41200213
Unlisted
Match 41200213
Overview
Messages
Build Orders
End
Construct Barracks
Riflemen Squad
Riflemen Squad
1⁄4-ton 4x4 Truck
Riflemen Squad
Mechanized Support Center
Construct Medical Station
M1 Mortar Team
Selects Heavy Weapons
Selects M2HB .50cal Heavy Machine Gun
Selects Assault Carriers
M1918 Browning Automatic Rifles
Construct Motor Pool
M1 Anti-tank Gun Team
M3 75 mm Gun Motor Carriage
Selects Halftrack Strongpoints
Riflemen Squad
Engineer Squad
Riflemen Squad
Selects M26 Pershing Heavy Tank
M26 Pershing Heavy Tank
mikec_81
Stacka
0
0
Comments
sign in to comment!
No comments posted yet!